 Dungeon Crawl Stone Soup version 0.26.0-10-g1f06aea511 (webtiles) character file.

Game seed: 11837078523337880935

10093 Arum the Protected (level 11, -8/84 (91) HPs)
             Began as a Formicid Fighter on Jan 20, 2021.
             Was an Initiate of Gozag.
             Killed from afar by a deep elf mage (27 damage)
             ... with a bolt of negative energy
             ... on level 12 of the Dungeon.
             The game lasted 00:15:22 (12315 turns).

Arum the Protected (Formicid Fighter)              Turns: 12315, Time: 00:15:24

HP:   -8/84 (91)    AC: 12    Str: 24    XL:     11   Next: 86%
MP:   11/11         EV: 10    Int:  8    God:    Gozag
Gold: 1206          SH: 17    Dex: 10    Spells: 10/10 levels left

rFire    + + +     SeeInvis +   k - +7 great mace "Firestarter" {inner flame, rF++}
rCold    x . .     Faith    .   c - +1 kite shield
rNeg     . . .     Spirit   .   b - +0 scale mail
rPois    .         Reflect  +   (helmet unavailable)
rElec    .         Harm     .   x - +1 cloak
rCorr    .         Rampage  .   (no gloves)
Will     +....                  J - +0 pair of boots
Stlth    ..........             A - amulet of reflection
HPRegen  0.24/turn              F - ring of fire
MPRegen  0.12/turn              u - +4 ring of slaying

@: drained
A: permanent stasis, dig shafts and tunnels, four strong arms, antennae 3
a: Dig, Shaft Self, Renounce Religion, Potion Petition, Call Merchant, Bribe
Branch


You were on level 12 of the Dungeon.
You worshipped Gozag.
Gozag was most pleased with you.
You visited 1 branch of the dungeon, and saw 12 of its levels.

You collected 2142 gold pieces.
You spent 155 gold pieces at shops.
You paid 781 gold pieces to Gozag.

Inventory:

Hand Weapons
 a - a +0 war axe
 k - the +7 great mace "Firestarter" (weapon) {inner flame, rF++}
   (You found it on level 8 of the Dungeon)

   It has been specially enchanted to burn those struck by it, causing extra
   injury to most foes and up to half again as much damage against particularly
   susceptible opponents.
   It greatly protects you from fire.
 y - a +0 hand axe
 K - a +1 battleaxe
Missiles
 C - 15 javelins
Armour
 b - a +0 scale mail (worn)
 c - a +1 kite shield (worn)
 x - a +1 cloak (worn)
 J - a +0 pair of boots (worn)
Jewellery
 i - an uncursed ring of fire
 u - a +4 ring of slaying (right hand)
 A - an amulet of reflection (around neck)
 F - a ring of fire (left hand)
 G - an uncursed amulet of faith {unknown}
Wands
 l - a wand of iceblast (13)
Scrolls
 f - 3 scrolls of amnesia
 m - 3 scrolls of identify
 p - 4 scrolls of remove curse
 r - a scroll of enchant weapon
 v - a scroll of magic mapping
 w - 3 scrolls of fear
 I - a scroll of enchant armour
Potions
 d - 2 potions of might
 e - 4 potions of invisibility
 g - 2 potions of brilliance
 j - 8 potions of curing
 n - a potion of degeneration {unknown}
 o - 3 potions of resistance
 q - 2 potions of heal wounds
 s - 3 potions of flight {unknown}
 t - 2 potions of mutation
 z - a potion of cancellation
 B - a potion of attraction {unknown}
 D - a potion of magic {unknown}
 E - 2 potions of lignification
 H - a potion of ambrosia {unknown}


   Skills:
 + Level 10.2 Fighting
 - Level 6.4(8.6) Axes
 * Level 9.0(9.9) Maces & Flails
 + Level 10.2 Armour
 - Level 9.0 Shields


You had 10 spell levels left.
You didn't know any spells.
Your spell library contained the following spells:

 Spells                   Type           Power        Failure   Level
 Animate Skeleton         Necr           0%           65%         1
 Pain                     Necr           0%           65%         1
 Vampiric Draining        Necr           0%           95%         3
 Animate Dead             Necr           0%           100%        4
 Agony                    Necr           0%           100%        5


Dungeon Overview and Level Annotations

Branches:
Dungeon (11/15)            Temple (0/1) D:4             Orc (0/2) D:12
   Lair: D:8-11

Altars:
Ashenzari
Dithmenos
Fedhas
Gozag
Hepliaklqana
Makhleb
Nemelex Xobeh
Okawaru
Sif Muna
Trog
Uskayaw
Wu Jian
Xom

Shops:
D:8 *=   D:12 ([


Innate Abilities, Weirdness & Mutations

You cannot be hasted, slowed, berserked, paralysed or teleported.
You can dig through walls and to a lower floor.
Your four strong arms can wield two-handed weapons with a shield.
You have a pair of large antennae on your head. (SInv)


Message History

The demonic crawler hits you.
* * * LOW HITPOINT WARNING * * *
You block the deep elf mage's attack. The demonic crawler hits you.
* * * LOW HITPOINT WARNING * * *
You block the demonic crawler's attack. x2
The hell rat bites you but does no damage.
You are too injured to fight recklessly!
Unknown command.
You hit the demonic crawler.
Flame seeps out of the demonic crawler.
The demonic crawler is moderately wounded.
The demonic crawler is engulfed in blazing flames.
Flame seeps out of the demonic crawler.
You block the demonic crawler's attack. x2
The demonic crawler hits you but does no damage. x2
The demonic crawler hits you.
* * * LOW HITPOINT WARNING * * *
The demonic crawler hits you but does no damage.
The deep elf mage casts a spell at you. The bolt of negative energy hits you!!
You feel drained.
You die...
Your body crumbles into a pile of gold.

.......##.#......#
.......#..#......#
.......'.#####'###
.......### #.#
.......# #.###
##'##### #...# #.#
###.# ##.#####
####.#####
.......#
#..r@....#
.......#
#.....sse...#
.......#
..##...r....#
.......##.#
#........#
..........#
#........#
.......###
#........#
.......#
#........#
.......#
######.###
##.#####


You could see 2 demonic crawlers, a deep elf mage and 2 hell rats.

Vanquished Creatures
  Nessos (D:12)
  2 two-headed ogres
  2 centaur skeletons (D:11)
  2 trolls
  A shadow (D:11)
  Eustachio (D:4)
  Grum (D:9)
  A wraith (D:11)
  3 yaks (D:12)
  2 water moccasins
  4 orc warriors
  3 black bears
  4 ice beasts
  3 sky beasts
  A necrophage (D:9)
  4 phantoms
  3 ogres
  4 wolves (D:9)
  2 centaurs
  7 bullfrogs
  A big kobold (D:10)
  5 scorpions
  10 wights (D:9)
  An electric eel (D:10)
  3 centaur zombies
  A bullfrog zombie (D:7)
  2 jellies
  A quasit (D:7)
  8 orc priests
  4 hounds
  2 bullfrog skeletons
  12 orc wizards
  Jessica (D:2)
  4 iguanas
  Natasha (thrice) (D:2)
  6 worker ants
  A centaur simulacrum (D:4)
  The ghost of dscm the Sneak, a weakling DsDe (D:4)
  A bullfrog simulacrum (D:4)
  A hound zombie (D:5)
  2 hound skeletons
  4 gnolls (D:6)
  16 adders
  2 shadow imps
  6 white imps
  An ufetubus (D:10)
  An adder zombie (D:5)
  An ooze (D:1)
  2 adder skeletons
  An adder simulacrum (D:4)
  6 leopard geckos
  40 orcs
  2 ball pythons
  4 bats
  5 giant cockroaches
  5 goblins
  7 hobgoblins
  11 jackals
  6 quokkas
  7 frilled lizards
  A giant cockroach simulacrum (D:4)
  A jackal skeleton (D:9)
  9 kobolds
  A leopard gecko simulacrum (D:4)
  A leopard gecko skeleton (D:6)
  A quokka simulacrum (D:4)
  A quokka zombie (D:6)
  8 rats
271 creatures vanquished.

Vanquished Creatures (others)
  47 fungi (D:11)
  50 plants (D:11)
97 creatures vanquished.

Grand Total: 368 creatures vanquished

Notes
Turn   | Place    | Note
-------+----------+-------------------------------------------
     0 | D:1      | Arum the Formicid Fighter began the quest for the Orb.
     0 | D:1      | Reached XP level 1. HP: 18/18 MP: 1/1
   179 | D:1      | Reached XP level 2. HP: 24/24 MP: 2/2
   423 | D:1      | Reached XP level 3. HP: 29/29 MP: 3/3
   690 | D:2      | Noticed Natasha
   696 | D:2      | Killed Natasha
   697 | D:2      | Reached XP level 4. HP: 24/37 MP: 4/4
   960 | D:2      | Noticed Natasha
   971 | D:2      | Killed Natasha
   972 | D:2      | Reached XP level 5. HP: 21/42 MP: 5/5
  1134 | D:2      | Noticed Natasha
  1149 | D:2      | Killed Natasha
  1343 | D:2      | Noticed Jessica
  1358 | D:2      | Killed Jessica
  1871 | D:3      | Reached XP level 6. HP: 45/49 MP: 6/6
  2063 | D:3      | Reached skill level 5 in Shields
  2736 | D:4      | Found a hide-covered altar of Uskayaw.
  2736 | D:4      | Noticed a +0 hand axe
  2736 | D:4      | Noticed a +0 hand axe
  2740 | D:4      | Noticed a phantom
  2759 | D:4      | Killed a phantom
  2932 | D:4      | Found a sparkling altar of Nemelex Xobeh.
  2937 | D:4      | Found an ornate altar of the Wu Jian Council.
  2937 | D:4      | Found an opulent altar of Gozag.
  2950 | D:4      | Found a burning altar of Makhleb.
  2954 | D:4      | Found a broken altar of Ashenzari.
  2993 | D:4      | Became a worshipper of Gozag Ym Sagoz the Greedy
  3011 | D:4      | Found a staircase to the Ecumenical Temple.
  3069 | D:4      | Found a runed translucent gate.
  3069 | D:4      | Found a runed translucent gate.
  3069 | D:4      | Found a runed translucent gate.
  3131 | D:4      | Noticed dscm's ghost (weakling DsDe)
  3131 | D:4      | Noticed an ice beast
  3213 | D:4      | Noticed Eustachio
  3236 | D:4      | Killed Eustachio
  3237 | D:4      | Reached skill level 5 in Fighting
  3237 | D:4      | Reached skill level 5 in Armour
  3237 | D:4      | Reached XP level 7. HP: 40/56 MP: 7/7
  3494 | D:4      | Killed dscm's ghost
  3730 | D:5      | Entered Level 5 of the Dungeon
  4115 | D:5      | Reached XP level 8. HP: 63/63 MP: 8/8
  4356 | D:5      | Found a hazy altar of Hepliaklqana.
  4357 | D:5      | Found a shadowy altar of Dithmenos.
  4359 | D:5      | Noticed a shadow
  4965 | D:6      | Reached skill level 5 in Axes
  5479 | D:6      | Reached XP level 9. HP: 44/71 MP: 9/9
  7699 | D:8      | Found the +7 great mace "Firestarter" {inner flame, rF++}
  8114 | D:8      | Reached skill level 1 in Maces & Flails
  8413 | D:8      | Found a bloodstained altar of Trog.
  8413 | D:8      | Found an iron altar of Okawaru.
  8418 | D:8      | Found a shimmering altar of Xom.
  8420 | D:8      | Found a shimmering blue altar of Sif Muna.
  8422 | D:8      | Found a blossoming altar of Fedhas.
  8686 | D:8      | Reached XP level 10. HP: 74/80 MP: 10/10
  9106 | D:8      | Found Zulaihep's Assorted Antiques.
  9111 | D:8      | Bought a scroll labelled COENTA XIUFIURPH for 31 gold
                  | pieces
  9111 | D:8      | Bought a scroll of identify for 62 gold pieces
  9111 | D:8      | Bought a scroll labelled CIR JEPNOI for 31 gold pieces
  9111 | D:8      | Bought a scroll labelled CIR JEPNOI for 31 gold pieces
  9492 | D:9      | Noticed a two-headed ogre
  9500 | D:9      | Killed a two-headed ogre
  9501 | D:9      | Reached skill level 5 in Maces & Flails
  9980 | D:9      | Noticed Grum
  9993 | D:9      | Killed Grum
 10439 | D:10     | Entered Level 10 of the Dungeon
 10453 | D:10     | Reached XP level 11. HP: 75/89 MP: 11/11
 11317 | D:11     | Noticed a two-headed ogre
 11322 | D:11     | Killed a two-headed ogre
 11723 | D:11     | You fall into a shaft and drop 1 floor!
 11723 | D:12     | Noticed Nessos
 11728 | D:12     | Killed Nessos
 11729 | D:12     | Reached skill level 10 in Fighting
 11729 | D:12     | Reached skill level 10 in Armour
 12073 | D:12     | Found Vykhuuh's Armour Emporium.
 12076 | D:12     | Found a staircase to the Orcish Mines.
 12077 | D:12     | Found Doxiv's Weapon Emporium.
 12308 | D:12     | Noticed a deep elf mage
 12315 | D:12     | Killed from afar by a deep elf mage

Illustrated notes

Levels and vault maps discovered:
D:1:      minmay_arrival_glassed_features, layout_basic
D:2:      layout_loops_ring, uniq_natasha, uniq_jessica
D:3:      layout_loops_ring
D:4:      layout_cave_pools, dancing_weapons_uskayaw,
          minmay_overflow_temple_star_hex, minmay_temple_entry_large_hall,
          gammafunk_ghost_icy, uniq_eustachio
D:5:      layout_basic, riverfiend_overflow_shadow_ancestor
D:6:      layout_rooms
D:7:      layout_basic
D:8:      layout_loops_corners, chequers_temple_overflow_minitemple,
          serial_shops, kennysheep_mini
D:9:      layout_cave_pools, serial_glass, glass_columns_b, glass_columns_b,
          uniq_grum
D:10:     layout_basic
D:11:     layout_rooms, due_lair_maze_entry_diamond, serial_shops, shop,
          minmay_beelzebubs_servants
D:12:     layout_roguey, orc_david_3, hangedman_decor_diamond_cutter,
          uniq_nessos

Skill      XL: |  1  2  3  4  5  6  7  8  9 10 11 |
---------------+----------------------------------+-----
Shields        | 4 5 6 7 8 9 |  9.0
Fighting       | 4 5 6 7 9 10 | 10.2
Armour         | 4 5 6 7 9 10 | 10.2
Axes           | 3 4 5 6 |  6.4
Maces & Flails | 2 6 9 |  9.0

Action                   |  1- 3 |  4- 6 |  7- 9 | 10-12 || total
-------------------------+-------+-------+-------+-------++-------
Melee: War axe           |    75 |   106 |       |       ||   181
       Hand axe          |       |    25 |   368 |       ||   393
       Great mace        |       |       |    29 |   196 ||   225
Invok: Call Merchant     |       |       |       |     1 ||     1
 Abil: Dig               |       |       |     2 |     2 ||     4
  Use: Scroll            |       |       |    19 |     3 ||    22
       Potion            |       |       |     2 |       ||     2
 Stab: Distracted        |       |       |     2 |       ||     2
Armor: Scale mail        |    38 |    52 |    57 |    49 ||   196
Dodge: Dodged            |    30 |    48 |    56 |    45 ||   179
Block: Kite shield       |    48 |    73 |   280 |   194 ||   595
       Reflection        |       |       |    10 |     8 ||    18
